 Dungeon Crawl Stone Soup version 0.29-a0-632-g781b4ac09e (webtiles) character file.

Game seed: 7839970120409595726

40 BritishOli the Skirmisher (level 3, 0/29 HPs)
             Began as a Demonspawn Fighter on June 18, 2022.
             Slain by an iguana (5 damage)
             ... on level 2 of the Dungeon.
             The game lasted 00:00:48 (1198 turns).

BritishOli the Skirmisher (Demonspawn Fighter)      Turns: 1198, Time: 00:00:49

Health: 0/29       AC:  6    Str: 18    XL:     3   Next: 30%
Magic:  3/3        EV:  9    Int:  9    God:
Gold:   96         SH:  4    Dex: 12    Spells: 2/2 levels left

rFire   . . .      SeeInvis .   a - +0 long sword
rCold   . . .      Faith    .   c - +0 buckler
rNeg    . . .      Spirit   .   b - +0 scale mail
rPois   .          Reflect  .   (no helmet)
rElec   .          Harm     .   (no cloak)
rCorr   .          Rampage  .   (no gloves)
Will    .....                   (no boots)
Stlth   ..........              (no amulet)
HPRegen 0.09/turn               (no ring)
MPRegen 0.08/turn               (no ring)

@: no status effects
A: ignite blood 1, weakness stinger 1
a: no special abilities


You were on level 2 of the Dungeon.
You visited 1 branch of the dungeon, and saw 2 of its levels.

You collected 96 gold pieces.

Inventory:

Hand Weapons
 a - a +0 long sword (weapon)
Armour
 b - a +0 scale mail (worn)
 c - a +0 buckler (worn)
Scrolls
 f - a scroll of blinking {unknown}
 g - a scroll of noise {unknown}
 h - a scroll of silence {unknown}
 k - a scroll of identify {unknown}
Potions
 d - a potion of might
 e - a potion of curing {unknown}
 i - 2 potions of attraction {unknown}
 j - a potion of lignification {unknown}


   Skills:
 + Level 3.4 Fighting
 + Level 2.2 Long Blades
 + Level 3.0 Armour
 + Level 3.0 Shields


You had 2 spell levels left.
You didn't know any spells.
Your spell library was empty.

Dungeon Overview and Level Annotations

Branches:
Dungeon (2/15)

Altars:


Innate Abilities, Weirdness & Mutations

Your demonic aura sometimes causes spilled blood to erupt in flames.
You have a small tail.


Message History

The ball python bites you. The ball python constricts you.
There are monsters nearby!
You slash the ball python!
You kill the ball python!
The iguana bites you.
An iguana is nearby!
You slash the iguana!
You tail-slap the iguana, but do no damage.
The iguana is heavily wounded.
The iguana misses you.
The iguana bites you but does no damage.
An iguana is nearby!
You hit the iguana.
Your tail-slap misses the iguana.
The iguana is severely wounded.
The iguana bites you!
An iguana is nearby!
You are too injured to fight recklessly!
An iguana is nearby!
An iguana is nearby!
You are too injured to fight recklessly!
An iguana is nearby!
You are too injured to fight recklessly!
An iguana is nearby!
You are too injured to fight recklessly!
An iguana is nearby!
You are too injured to fight recklessly!
An iguana is nearby!
You are too injured to fight recklessly!
An iguana is nearby!
You are too injured to fight recklessly!
An iguana is nearby!
You are too injured to fight recklessly!
You hit the iguana but do no damage.
The iguana is severely wounded.
The iguana bites you!
* * * LOW HITPOINT WARNING * * *
You hit the iguana.
The iguana is almost dead.
The iguana closely misses you. The iguana bites you.
You die...

........########
..........†....#
.............#.#
.............#.#
.............#.#
.............#.#
....##########.#
..........####.#
......l@.....#.#
..........##.#.#
.........)##...#
..........######
..........#
###########


You could see an iguana.

Vanquished Creatures
  An adder (D:2)
  A dart slug (D:1)
  6 ball pythons
  A bat (D:1)
  An endoplasm (D:1)
  A giant cockroach (D:1)
  3 goblins
  A hobgoblin (D:1)
  3 jackals (D:1)
  4 kobolds
  3 frilled lizards (D:1)
  2 rats
27 creatures vanquished.

Vanquished Creatures (others)
  4 toadstools (D:1)
4 creatures vanquished.

Grand Total: 31 creatures vanquished

Notes
Turn   | Place    | Note
-------+----------+-------------------------------------------
     0 | D:1      | BritishOli the Demonspawn Fighter began the quest for the
                  | Orb.
     0 | D:1      | Reached XP level 1. HP: 18/18 MP: 1/1
   124 | D:1      | Gained mutation: You have a small tail. [demonic ancestry]
   124 | D:1      | Reached XP level 2. HP: 14/24 MP: 2/2
   878 | D:2      | Gained mutation: Your demonic aura sometimes causes spilled
                  | blood to erupt in flames. [demonic ancestry]
   878 | D:2      | Reached XP level 3. HP: 6/29 MP: 3/3
  1198 | D:2      | Slain by an iguana

Illustrated notes

Levels and vault maps discovered:
D:1:      ldierk_walled_garden_2, layout_basic
D:2:      layout_basic, hellmonk_ecumenical_altar_run_dry, serial_shops, shop,
          shop, nicolae_shop_temple_entry_statues_fountains, shop, shop

Skill      XL: |  1  2 |
---------------+-------+-----
Long Blades    | 2 |  2.2
Shields        | 3 |  3.0
Armour         | 3 |  3.0
Fighting       | |  3.4

Action                   || total
-------------------------++-------
Melee: Long sword        ||    82
       Tailslap          ||     4
Armor: Scale mail        ||    64
Dodge: Dodged            ||    60
Block: Buckler           ||    29

Table legend: (Time is in decaauts)
 A = Elapsed time spent in this place.
 B = Non-inter-level travel time spent in this place.
 C = Inter-level travel time spent in this place.
 D = Time resting spent in this place.
 E = Time spent auto-exploring this place.
 F = Levels seen in this place.
 G = Mean time per level.
                   A        B        C        D        E       F      G
               +--------+--------+--------+--------+--------+-----+--------+
         Total |   1229 |   1210 |     19 |      0 |   1028 |   2 |  614.5 |
       Dungeon |   1229 |   1210 |     19 |      0 |   1028 |   2 |  614.5 |
               +--------+--------+--------+--------+--------+-----+--------+

Top non-repeatable levels by time:
     D:1: 889 daAuts
     D:2: 339 daAuts
